 Dungeon Crawl Stone Soup version 0.19-a0-585-ge40200b (webtiles) character file.

177 Ijustatesigmund the Poker (level 5, 0/43 HPs)
             Began as a Merfolk Fighter on June 9, 2016.
             Slain by a gnoll
             ... wielding a +0 club
              (3 damage)
             ... on level 4 of the Dungeon.
             The game lasted 00:05:49 (2576 turns).

Ijustatesigmund the Poker (Merfolk Fighter)         Turns: 2576, Time: 00:05:50

Health: 0/43       AC:  4    Str: 18    XL:     5   Next: 57%
Magic:  5/5        EV: 11    Int:  7    God:
Gold:   135        SH:  9    Dex: 15    Spells: 0 memorised, 4 levels left

rFire  + + .     SeeInvis .     a - +2 trident
rCold  . . .     Gourm    .     o - +0 leather armour of Watchfulness {rF++ Str-3} (curse)
rNeg   . . .     Faith    .     c - +0 shield
rPois  .         Spirit   .     (no helmet)
rElec  .         Dismiss  .     (no cloak)
rCorr  .         Reflect  .     p - +0 pair of gloves
SustAt +         Harm     .     (no boots)
MR     .....                    (no amulet)
Stlth  +.........               (no ring)
                                g - ring of sustain attributes

@: mighty, not resistant to hostile enchantments, very unstealthy
A: change form in water, swift swim
a: no special abilities


You were on level 4 of the Dungeon.
You were not hungry.

You visited 1 branch of the dungeon, and saw 4 of its levels.

You collected 135 gold pieces.

Inventory:

Hand Weapons
 a - a +2 trident (weapon)
Armour
 b - a +0 scale mail
 c - a +0 shield (worn)
 o - the cursed +0 leather armour of Watchfulness (worn) {rF++ Str-3}
   (You found it on level 4 of the Dungeon)

   It affects your strength (-3).
   It greatly protects you from fire.
   It has a curse placed upon it.
 p - a +0 pair of gloves (worn)
Jewellery
 g - a ring of sustain attributes (left hand)
Potions
 e - 2 potions of curing
 k - a potion of heal wounds {unknown}
 l - a potion of resistance
 m - 2 potions of lignification
Comestibles
 f - 5 bread rations
 h - a royal jelly
 j - 2 meat rations


   Skills:
 + Level 4.5 Fighting
 + Level 5.3 Polearms
 - Level 2.1 Armour
 + Level 3.8 Dodging
 - Level 3.0 Shields


You had 4 spell levels left.
You didn't know any spells.

Dungeon Overview and Level Annotations

Branches:
Dungeon (4/15)
 Temple: D:4-7

Altars:
Kikubaaqudgha
Pakellas
The Shining One


Message History

You are too injured to fight recklessly!
You feel better. You block the gnoll's attack. The gnoll hits you with a spear.
* * * LOW HITPOINT WARNING * * *
The gnoll hits you but does no damage. You block the gnoll's attack.
Things that are here:
a whip; a robe You closely miss the gnoll.
You block the gnoll's attack. x2
The gnoll hits you with a spear.
* * * LOW HITPOINT WARNING * * *
You impale the gnoll!!
You kill the gnoll!
You closely miss the gnoll. You block the gnoll's attack.
The gnoll hits you with a club.
* * * LOW HITPOINT WARNING * * *
You feel mightier all of a sudden.
The gnoll hits you from afar with a halberd.
* * * LOW HITPOINT WARNING * * *
The gnoll hits you with a club.
You die...

#..# #..# ### #..#
#.. #..# #.# #..#
#..# #.# #..#
#..####.####..###
#.g.............#
##g####.####....###
#@# #............
#.# ####.......).
##.#######.###...>#
#.....(....# #..###
##.#######.###..#
### #.....##
###.### #.######
#.......


You could see 2 gnolls.

Vanquished Creatures
  A giant frog skeleton (D:3)
  A gnoll shaman (D:4)
  5 adders
  A gnoll (D:4)
  A dart slug (D:2)
  4 giant geckos
  2 orcs (D:3)
  2 giant cockroaches
  8 hobgoblins
  6 jackals
  6 kobolds
  A quokka (D:3)
  A ball python (D:2)
  6 bats
  A giant newt (D:3)
  5 goblins
  6 rats
57 creatures vanquished.

Vanquished Creatures (others)
  A human (D:2)
1 creature vanquished.

Grand Total: 58 creatures vanquished

Notes
Turn   | Place    | Note
--------------------------------------------------------------
     0 | D:1      | Ijustatesigmund the Merfolk Fighter began the quest for the Orb.
     0 | D:1      | Reached XP level 1. HP: 18/18 MP: 1/1
   108 | D:1      | Reached skill level 1 in Dodging
   145 | D:1      | Reached XP level 2. HP: 24/24 MP: 2/2
   771 | D:2      | Reached XP level 3. HP: 29/29 MP: 3/3
   821 | D:2      | Reached skill level 4 in Polearms
   892 | D:2      | Found an oddly glowing altar of Pakellas.
  1055 | D:2      | Reached XP level 4. HP: 27/37 MP: 4/4
  1494 | D:2      | Found an ancient bone altar of Kikubaaqudgha.
  1494 | D:2      | Noticed a human
  1498 | D:2      | Killed a human
  2118 | D:3      | Reached skill level 5 in Polearms
  2118 | D:3      | Reached XP level 5. HP: 35/43 MP: 5/5
  2390 | D:4      | Got a fine leather armour
  2402 | D:4      | Identified the cursed +0 leather armour of Watchfulness {rF++ Str-3} (You found it on level 4 of the Dungeon)
  2428 | D:4      | Found a glowing golden altar of the Shining One.
  2576 | D:4      | Slain by a gnoll

Vault maps used:
D:1:      sevenhm_arrival_forest_fort_small_6
D:2:      grunt_pakellas_sulfur, minmay_tree_intersection, minmay_fountain_box,
          tgw_kikubaaqudgha
D:4:      kennysheep_little_box, serial_shops, nicolae_shop_crystal,
          nicolae_tso_swordbearing_angel

Skill      XL: |  1  2  3  4 |
---------------+-------------+-----
Dodging        | 1 2 3 |  3.8
Polearms       | 4 5 |  5.3
Fighting       | 4 |  4.5
Armour         | |  2.1
Shields        | |  3.0

Action                   |  1- 3 |  4- 6 || total
-------------------------+-------+-------++-------
Melee: Trident           |   133 |   124 ||   257
  Use: Scroll            |     4 |     6 ||    10
       Potion            |       |     3 ||     3
  Eat: Chunk             |       |     6 ||     6
Armor: Scale mail        |    51 |    40 ||    91
       Leather armour    |       |     1 ||     1
Dodge: Dodged            |    55 |    42 ||    97
Block: Shield            |    55 |    68 ||   123
